 Dungeon Crawl Stone Soup version 0.30.1-4-g462c640d31 (webtiles) character file.

Game seed: 1260193460161030900

28764 Cwest1230 the Protected (level 13, -6/174 HPs)
             Began as a Minotaur Berserker on Sept 17, 2023.
             Was a High Priest of Trog.
             Mangled by a lindwurm (19 damage)
             ... summoned by Kirke
             ... on level 4 of the Lair of Beasts.
             The game lasted 00:31:22 (16136 turns).

Cwest1230 the Protected (Minotaur Berserker)       Turns: 16136, Time: 00:31:23

Health: -6/174     AC:  0    Str: 24    XL:     13   Next: 11%
Magic:  12/12      EV: 16    Int:  4    God:    Trog [*****.]
Gold:   1196       SH:  0    Dex: 13    Spells: 12/12 levels left

rFire   . . .        u - melded +3 whip of the Ancient Ziggurats {flame, rC- rCorr Int+2 Dex+7}
rCold   . . .        h - melded +2 buckler of the Sea {rPois}
rNeg    . . .        e - melded +1 plate armour
rPois   .            (helmet currently unavailable)
rElec   .            (cloak currently unavailable)
rCorr   .            (gloves currently unavailable)
SInv    .            G - melded +2 pair of boots {rampage}
Will    .....        t - amulet of faith Stlth
                     (ring currently unavailable)
HPRegen 0.49/turn    (ring currently unavailable)
MPRegen 0.13/turn

%: clarity, faith
@: berserking, pig-form, very quick
A: fast, no casting, small, (horns 2), (retaliatory headbutt), clarity,
(electricity resistance), subdued magic 1, (sturdy frame 1)
a: Renounce Religion, Berserk, Trog's Hand, Brothers in Arms


You were on level 4 of the Lair of Beasts.
You worshipped Trog.
Trog was extremely pleased with you.
You were a filthy swine.
You visited 2 branches of the dungeon, and saw 14 of its levels.
You also visited: Ossuary.

You collected 1196 gold pieces.

Inventory:

Hand Weapons
 a - a +0 spear
 g - a +0 dagger of flaming
 j - a +2 dagger of venom
 u - the +3 whip of the Ancient Ziggurats (melded) {flame, rC- rCorr Int+2 Dex+7}
   (You found it on level 6 of the Dungeon)

   Int:       It affects your intelligence (+2).
   Dex:       It affects your dexterity (+7).
   rC:        It makes you vulnerable to cold.
   rCorr:     It protects you from acid and corrosion.
 H - a +0 rapier of distortion
 Q - a +2 scimitar
 V - a +1 great mace of protection
Armour
 b - a +0 animal skin
 e - a +1 plate armour (melded)
 h - the +2 buckler of the Sea (melded) {rPois}
   (You acquired it on level 4 of the Dungeon)

   rPois:     It protects you from poison.
 m - the +3 ring mail of Xom's Reproof {rC+ Dex+2}
   (You found it on level 9 of the Dungeon)

   Dex:       It affects your dexterity (+2).
   rC:        It protects you from cold.
 q - a +0 pair of boots
 s - a +1 helmet
 y - a +1 hat
 G - a +2 pair of boots of rampaging (melded)
Jewellery
 i - a ring of magical power
 t - an amulet of faith (around neck)
 D - an amulet of guardian spirit
 F - a ring of see invisible
 J - a ring of ice
Wands
 o - a wand of light (32)
 w - a wand of charming (29)
 L - a wand of iceblast (1)
 S - a wand of flame (4)
Scrolls
 d - 2 scrolls of enchant weapon
 n - 13 scrolls of identify
 v - 3 scrolls of fog
 z - 2 scrolls of amnesia
 E - 2 scrolls of immolation
 K - a scroll of summoning
 N - 2 scrolls of teleportation
 O - 2 scrolls of magic mapping
 T - a scroll of blinking
 U - a scroll of silence {unknown}
Potions
 c - a potion of berserk rage {unknown}
 f - 2 potions of mutation
 k - 2 potions of lignification
 l - 3 potions of degeneration
 p - 4 potions of haste
 r - 2 potions of cancellation {unknown}
 x - 2 potions of might {unknown}
 A - a potion of resistance
 B - 4 potions of flight
 C - a potion of attraction
 I - a potion of invisibility
 M - a potion of brilliance {unknown}
 P - a potion of heal wounds
 R - a potion of curing


   Skills:
 + Level 11.3 Fighting
 * Level 14.1 Maces & Flails
 - Level 8.7 Polearms
 + Level 14.7 Armour
 + Level 5.5 Dodging
 + Level 1.6 Stealth
 + Level 9.8 Shields


You had 12 spell levels left.
You didn't know any spells.
Your spell library contained the following spells:

 Spells                   Type           Power      Damage    Failure   Level
 Kiss of Death            Conj/Necr      0%         2d5       45%         1
 Slow                     Hex            0%         N/A       45%         1
 Confusing Touch          Hex            0%         N/A       83%         3
 Ozocubu's Armour         Ice            0%         N/A       83%         3
 Vampiric Draining        Necr           0%         2d6       83%         3
 Dispel Undead            Necr           0%         3d6       99%         4
 Ozocubu's Refrigeration  Ice            0%         4d7       100%        7


Dungeon Overview and Level Annotations

Branches:
Dungeon (10/15)            Temple (0/1) D:6            Lair (4/5) D:9
 Shoals (0/4) Lair:2        Snake (0/4) Lair:3        Slime (0/5) Lair:4
Ossuary (visited)
    Orc: D:9-12

Altars:
Ashenzari
Dithmenos
Fedhas
Nemelex Xobeh
Vehumet
Yredelemnul
The Shining One
Jiyva

Shops:
D:8 [(   D:9 :

Portals:
Abyss: Lair:1

Annotations:
Lair:2 exclusion: 2 oklob plants
Lair:4 Kirke


Innate Abilities, Weirdness & Mutations

You are a filthy swine.
You move quickly.
Your equipment is almost entirely melded.
You are incapable of wielding weapons or throwing items.
You cannot cast spells.
((You have a pair of horns on your head.))
((You reflexively headbutt those who attack you in melee.))
You possess an exceptional clarity of mind.
((You are resistant to electric shocks. (rElec)))
Your spells are a little easier to cast, but a little less powerful.
((Your movements are slightly less encumbered by armour. (ER -2)))


Message History

Your +1 plate armour melds into your body.
The +3 whip of the Ancient Ziggurats {flame, rC- rCorr Int+2 Dex+7} stops flaming.
You no longer feel able to rampage towards enemies.
The sphinx closely misses you.
The sphinx hits you! x2; The hog bites you.
A red film seems to cover your vision as you go berserk!
You feel yourself moving faster!
You feel mighty!
Kirke casts a spell.
Kirke summons a lindwurm!
The hog closely misses you.
A blink frog comes into view.
The sphinx closely misses you. The sphinx completely misses you.
The sphinx hits you! The hog bites you.
The sphinx mumbles some strange words.
Something smites you!
You barely miss Kirke.
The blink frog gives a loud, deep croak!
You hear a croak.
Kirke hits you! The hog completely misses you.
You bite Kirke!
Kirke is lightly wounded.
The hog completely misses you.
The sphinx casts a spell.
Something smites you! Kirke hits you!
* * * LOW HITPOINT WARNING * * *
The sphinx casts a spell.
Something smites you!
* * * LOW HITPOINT WARNING * * *
You bite Kirke!
Kirke is moderately wounded.
The hog barely misses you. The hog bites you.
* * * LOW HITPOINT WARNING * * *
You bite Kirke!
Kirke is moderately wounded.
Kirke hits you!
* * * LOW HITPOINT WARNING * * *
The sphinx casts a spell.
You struggle to resist.
You barely miss Kirke.
Kirke is moderately wounded.
The hog closely misses you. The lindwurm bites you!!
You die...

#...............
##...............
#..#............
#.#.............
#####......>F...
###....>....
####.........
#....H.......
#...kh.....#
##..@hh...##
#..#H.....#
#.###....#.# #P.
.....## ##.
#...P.# .. ......
.. ......


You could see Kirke (fast), 2 sphinxes, a lindwurm (summoned), 2 hogs and a
blink frog.

Vanquished Creatures
  Rupert (Lair:4)
  Gastronok (D:8)
  Fannar (Lair:1)
  A hydra (Lair:4)
  5 two-headed ogres
  A manticore (D:10)
  A manticore (shapeshifter) (Lair:1)
  4 cane toads
  A black mamba (Lair:1)
  An unseen horror (D:10)
  A rime drake (Lair:2)
  An ancient zyme (Lair:1)
  An ice devil (Lair:2)
  4 komodo dragons
  A troll (D:9)
  A hornet (Lair:1)
  2 polar bears
  5 blink frogs (Lair:2)
  2 shadows
  Grum (D:8)
  5 wyverns
  A basilisk (Lair:2)
  32 yaks
  2 hogs (Lair:4)
  A death yak simulacrum (Lair:2)
  3 nagas (Lair:3)
  10 water moccasins
  7 orc warriors
  2 black bears
  2 sky beasts
  6 centaurs
  7 ogres
  8 wolves
  2 phantoms (D:5)
  A kobold brigand (D:9)
  A gnoll sergeant (D:9)
  10 bullfrogs
  4 scorpions
  2 entropy weaver simulacra (Lair:2)
  A two-headed ogre simulacrum (Lair:2)
  10 killer bees
  An electric eel (Lair:3)
  8 howler monkeys
  5 jellies
  7 orc priests
  4 hounds
  3 gnoll boudas (D:8)
  4 iguanas
  2 sleepcaps
  14 orc wizards
  2 polar bear simulacra (Lair:2)
  A spriggan simulacrum (Lair:2)
  A wolf simulacrum (Lair:2)
  8 mummies (Ossuary)
  11 gnolls
  4 adders
  A shadow imp (D:6)
  A white imp (D:6)
  2 worms (D:2)
  4 dart slugs
  30 orcs
  7 bats
  2 endoplasms (D:1)
  A giant cockroach (D:1)
  2 gnoll zombies (Ossuary)
  5 goblins
  5 hobgoblins
  4 kobolds
  6 quokkas
  6 ball pythons
  5 frilled lizards
  5 hobgoblin zombies (Ossuary)
  A kobold zombie (Ossuary)
  5 rats
320 creatures vanquished.

Vanquished Creatures (collateral kills)
  The ghost of Wezo the Covert, a journeyman GnDe of Gozag (Lair:1)
  An ugly thing (Lair:1)
  A guardian serpent (shapeshifter) (Lair:1)
  A hellwing (Lair:1)
  A spriggan (Lair:1)
  4 yaks
  An orc warrior (D:9)
  An orc priest (D:9)
  2 orc wizards
  An orc (D:9)
14 creatures vanquished.

Vanquished Creatures (others)
  An orc wizard (D:6)
  An orc (D:7)
2 creatures vanquished.

Grand Total: 336 creatures vanquished

Notes
Turn   | Place    | Note
-------+----------+-------------------------------------------
     0 | D:1      | Cwest1230 the Minotaur Berserker began the quest for the
                  | Orb.
     0 | D:1      | Reached XP level 1. HP: 19/19 MP: 0/0
   179 | D:1      | Reached XP level 2. HP: 26/27 MP: 1/1
   827 | D:1      | Reached XP level 3. HP: 33/33 MP: 2/2
  1176 | D:2      | Reached ** piety under Trog
  2372 | D:3      | Found a sparkling altar of Nemelex Xobeh.
  2376 | D:3      | Reached XP level 4. HP: 37/41 MP: 3/3
  2388 | D:3      | Noticed a black bear
  2389 | D:3      | Reached skill level 5 in Polearms
  2406 | D:3      | Gained mutation: Your spells are a little easier to cast,
                  | but a little less powerful. [potion of mutation]
  2406 | D:3      | Gained mutation: You have hidden genetic potential. [potion
                  | of mutation]
  2406 | D:3      | Gained mutation: Your movements are slightly less
                  | encumbered by armour. (ER -2) [potion of mutation]
  2433 | D:3      | Reached XP level 5. HP: 16/47 MP: 4/4
  2435 | D:3      | Killed a black bear
  2436 | D:3      | Reached skill level 5 in Fighting
  2460 | D:3      | Gained mutation: You possess an exceptional clarity of
                  | mind. [hidden potential]
  2945 | D:4      | Found a shadowy altar of Dithmenos.
  3017 | D:4      | Reached XP level 6. HP: 37/56 MP: 5/5
  3213 | D:4      | Reached skill level 5 in Armour
  3301 | D:4      | Gained mutation: You are resistant to electric shocks.
                  | (rElec) [hidden potential]
  3301 | D:4      | Lost mutation: You have hidden genetic potential. [hidden
                  | potential expressed]
  3514 | D:4      | Found a broken altar of Ashenzari.
  3518 | D:4      | Saw a vision of the Shoals and the Snake Pit.
  3518 | D:4      | Noticed a naga
  3518 | D:4      | Noticed a shock serpent
  3518 | D:4      | Noticed a skyshark
  3518 | D:4      | Noticed a snapping turtle
  3518 | D:4      | Noticed a naga sharpshooter
  3518 | D:4      | Noticed a merfolk avatar
  3518 | D:4      | Noticed a snapping turtle
  3518 | D:4      | Noticed a harpy
  3518 | D:4      | Noticed a mana viper
  3518 | D:4      | Noticed a guardian serpent
  3518 | D:4      | Noticed a manticore
  3518 | D:4      | Noticed a black mamba
  3518 | D:4      | Noticed a merfolk
  3518 | D:4      | Noticed a water nymph
  3518 | D:4      | Noticed a mana viper
  3518 | D:4      | Noticed a water elemental
  3518 | D:4      | Noticed a black mamba
  3523 | D:4      | Noticed an anaconda
  3526 | D:4      | Noticed a snapping turtle
  3527 | D:4      | Noticed a naga
  3928 | D:4      | Identified a scroll of acquirement
  3928 | D:4      | Acquired the +2 buckler of the Sea {rPois}
  3993 | D:5      | Entered Level 5 of the Dungeon
  4030 | D:5      | Reached XP level 7. HP: 61/61 MP: 6/6
  4306 | D:5      | Noticed a two-headed ogre
  4322 | D:5      | Killed a two-headed ogre
  4323 | D:5      | Reached skill level 1 in Shields
  4323 | D:5      | Reached XP level 8. HP: 28/71 MP: 7/7
  5442 | D:6      | Found a glowing golden altar of the Shining One.
  5558 | D:6      | Found a basalt altar of Yredelemnul.
  5596 | D:6      | Identified the +3 whip of the Ancient Ziggurats {flame, rC-
                  | rCorr Int+2 Dex+7}
  5657 | D:6      | Found a staircase to the Ecumenical Temple.
  5679 | D:6      | Reached *** piety under Trog
  5811 | D:6      | Reached skill level 1 in Maces & Flails
  6018 | D:7      | Reached XP level 9. HP: 73/79 MP: 8/8
  6431 | D:7      | Found a sand-covered staircase.
  6537 | Ossuary  | Entered an ossuary
  6662 | Ossuary  | Reached **** piety under Trog
  7152 | D:8      | Found Koemodio's Antique Armour Boutique.
  7195 | D:8      | Found Okenuu's Weapon Shoppe.
  7301 | D:8      | Noticed Grum
  7315 | D:8      | Reached skill level 5 in Maces & Flails
  7322 | D:8      | Killed Grum
  7422 | D:8      | Noticed Gastronok
  7458 | D:8      | Killed Gastronok
  7459 | D:8      | Reached XP level 10. HP: 48/88 MP: 9/9
  7755 | D:8      | Reached skill level 10 in Armour
  8887 | D:9      | Reached skill level 10 in Maces & Flails
  8898 | D:9      | Reached skill level 5 in Shields
  9010 | D:9      | Found a staircase to the Lair.
  9092 | D:9      | Found a radiant altar of Vehumet.
  9145 | D:9      | Found Evu Luor's Tremendous Tomes.
  9246 | D:9      | Noticed a two-headed ogre
  9255 | D:9      | Killed a two-headed ogre
  9256 | D:9      | Reached XP level 11. HP: 95/95 MP: 10/10
  9686 | D:9      | Reached ***** piety under Trog
  9771 | D:9      | Noticed a two-headed ogre
  9779 | D:9      | Killed a two-headed ogre
  9848 | D:9      | Identified the +3 ring mail of Xom's Reproof {rC+ Dex+2}
  9880 | D:9      | Noticed a two-headed ogre
  9898 | D:9      | Killed a two-headed ogre
 10237 | D:9      | You fall into a shaft and drop 1 floor!
 10237 | D:10     | Entered Level 10 of the Dungeon
 11039 | D:9      | Noticed a two-headed ogre
 11046 | D:9      | Killed a two-headed ogre
 11134 | Lair:1   | Entered Level 1 of the Lair of Beasts
 11207 | Lair:1   | Noticed Fannar
 11226 | Lair:1   | Killed Fannar
 11547 | Lair:1   | Paralysed by a hornet for 2 turns
 11663 | Lair:1   | Reached XP level 12. HP: 106/106 MP: 11/11
 11930 | Lair:1   | Noticed an entropy weaver
 11942 | Lair:1   | Noticed Wezo's ghost (journeyman GnDe)
 11951 | Lair:1   | Found a one-way gate to the infinite horrors of the Abyss.
 11986 | Lair:1   | Found a transporter.
 11997 | Lair:1   | Reached skill level 5 in Dodging
 12141 | Lair:1   | Reached skill level 1 in Stealth
 12262 | Lair:1   | Found a transporter.
 12411 | Lair:1   | Reached skill level 10 in Fighting
 12412 | Lair:1   | Killed Wezo's ghost
 12419 | Lair:1   | HP: 4/106 [guardian serpent (shapeshifter) (18)]
 13201 | Lair:2   | Found a staircase to the Shoals.
 13981 | Lair:2   | Found a blossoming altar of Fedhas.
 14904 | Lair:3   | Received a gift from Trog
 15510 | Lair:3   | Found a staircase to the Snake Pit.
 15927 | Lair:4   | Noticed Rupert
 15945 | Lair:4   | Killed Rupert
 16016 | Lair:4   | Found a viscous altar of Jiyva.
 16017 | Lair:4   | Found a staircase to the Slime Pits.
 16041 | Lair:4   | Reached XP level 13. HP: 116/116 MP: 12/12
 16118 | Lair:4   | Noticed Kirke
 16123 | Lair:4   | Noticed a sphinx
 16129 | Lair:4   | Noticed a sphinx
 16136 | Lair:4   | Mangled by a lindwurm

Illustrated notes

Levels and vault maps discovered:
D:1:      heliophobic_arrival_enchanted_forest, layout_basic,
          amcnicky_mini_rare_corridor_liquid, minmay_split_cup_large
D:2:      layout_basic
D:3:      layout_basic, nemelex_xobeh_ov_fountains_minmay,
          minmay_misc_feat_doors, chequers_serial_rivers_small_a,
          serial_bayou_lake_a
D:4:      layout_basic, grunt_ashenzari_visionary
          [grunt_ashenzari_visionary_shoals, grunt_ashenzari_visionary_snake],
          grunt_dithmenos_smoke_and_mirrors
D:5:      layout_loops_ring
D:6:      layout_rooms, kennysheep_little_box, tso_altar,
          minmay_temple_entry_glassed_door
D:7:      layout_loops_ring, nicolae_ossuary_entry_false_entrances
D:8:      kennysheep_seaside_town, layout_loops_ring, serial_shops,
          shop_fountains, nicolae_stop_n_shop_2, kennysheep_small_circle,
          uniq_gastronok, uniq_grum
D:9:      minmay_bubble_buster, layout_cave_pools,
          mainiacjoe_overflow_cross_hatched, lair_entry_dummy,
          nicolae_shop_i_like_big_books, minmay_fractal_squares_5
D:10:     layout_cave_pods, serial_shops, nicolae_shop_behind_doors
Lair:1:   layout_concentric_octagons, gammafunk_ghost_abyssal_escape,
          uniq_fannar
Lair:2:   dreamdust_isle_of_ice, layout_cellular_growth, shoals_dummy_entry,
          hangedman_tree_tricks
Lair:3:   layout_big_grid, nicolae_snake_entry_squirm, wad_woods_road_05,
          lemuel_fruit_tree, serial_bayou_shore_a
Lair:4:   layout_cave_shapes, slime_entry_1, minivault_24, uniq_rupert,
          uniq_kirke

Skill      XL: |  1  2  3  4  5  6  7  8  9 10 11 12 |
---------------+-------------------------------------+-----
Fighting       | 4 5 6 7 8 9 11 | 11.3
Polearms       | 4 5 6 8 |  8.7
Armour         | 3 4 5 7 9 11 12 14 | 14.7
Dodging        | 3 4 5 |  5.5
Shields        | 1 2 4 6 7 9 |  9.8
Maces & Flails | 2 8 10 12 14 | 14.1
Stealth        | 1 |  1.6

Action                     |  1- 3 |  4- 6 |  7- 9 | 10-12 | 13-15 || total
---------------------------+-------+-------+-------+-------+-------++-------
  Melee: Spear             |   101 |   128 |   140 |       |       ||   369
         Headbutt          |    20 |    20 |    74 |   187 |    19 ||   320
         Punch             |       |     1 |       |       |       ||     1
         Whip              |       |       |   184 |   772 |    43 ||   999
         Unarmed           |       |       |       |       |     5 ||     5
 Invoke: Berserk           |     2 |     1 |     6 |    21 |     1 ||    31
         Trog's Hand       |       |     2 |       |     2 |       ||     4
         Brothers in Arms  |       |       |       |     4 |       ||     4
    Use: Scroll            |     2 |     4 |     3 |     4 |       ||    13
         Potion            |     1 |     5 |     7 |     6 |       ||    19
 Armour: Animal skin       |     4 |       |       |       |       ||     4
         Plate armour      |    76 |   114 |   154 |   362 |    25 ||   731
         Skin              |       |    34 |       |       |       ||    34
  Dodge: Dodged            |    47 |    50 |   104 |   311 |    23 ||   535
  Block: Buckler           |       |       |    88 |   291 |    16 ||   395
